cohdb
Replays
Latest Replays
All Replays
Popular Replays
Top Player Replays
Match Explorer
How It Works
Community
CoH3 Stats
Reddit
Sign in to upload your games and track your stats! →
Sign in with Steam
Match 42253228
Unlisted
Match 42253228
Overview
Messages
Build Orders
End
Construct Infanterie Kompanie
Selects Mechanized Battlegroup
Kettenkrad Recon Vehicle
MG 42 Machine Gun Team
Grenadier Squad
Grenadier Squad
Medical Station
GrW 34 Mortar Team
Construct Panzergrenadier Kompanie
Pak 40 Anti-tank Gun Team
Selects Raid Package
Support Elements
Nebelwerfer 42 Rocket Launcher Team
Infanterie Officer Quarters
Selects StuG Assault Group
MG 42 Bunker
Selects UNKNOWN (2160084)
Pak 40 Anti-tank Gun Team
Construct Panzer Kompanie
AzOoZlol
Singu
Microsoft Outlook
deadsadbadmad
0
0
Comments
sign in to comment!
No comments posted yet!